 Dungeon Sprint DCSS version 0.21-a0-274-gc1afaeb (webtiles) character file.

33604 potatolord6000 the Apostle (level 13, -19/140 HPs)
             Began as a Hill Orc Monk on Sept 19, 2017.
             Was a High Priest of Beogh.
             Blown up by an eye of devastation (29 damage)
             ... with a bolt of energy
             ... in the Dungeon (Sprint VII: "The Pits").
             The game lasted 00:23:07 (3432 turns).

potatolord6000 the Apostle (Hill Orc Monk)          Turns: 3432, Time: 00:23:13

Health: -19/140    AC: 22    Str: 19    XL:     13   Next: 72%
Magic:  11/27      EV: 16    Int: 10    God:    Beogh [*****.]
Gold:   60         SH:  0    Dex: 13    Spells: 12/12 levels left

rFire    . . .     SeeInvis .   r - +4 halberd (protect)
rCold    . . .     Gourm    .   (shield currently unavailable)
rNeg     . . .     Faith    .   u - +6 chain mail
rPois    .         Spirit   .   (no helmet)
rElec    .         Reflect  .   (no cloak)
rCorr    .         Harm     .   (no gloves)
MR       .....     NoTele   +   t - +0 pair of boots
Stlth    ..........             (no amulet)
HPRegen  0.33/turn              b - +3 ring of evasion
MPRegen  0.20/turn              q - +3 ring of evasion

@: no status effects
A: walk on water
a: Smiting, Recall Orcish Followers, Give Item to Named Follower, Renounce
Religion


You were in the Dungeon.
You worshipped Beogh.
Beogh was extremely pleased with you.
You were very full.

You visited 1 branch You collected 60 gold pieces.

Inventory:

Hand Weapons
 d - the +10 morningstar "Eos" {elec, Halo rElec}
   (You found it in the Dungeon)

   Occasionally, upon striking a foe, it will discharge some electrical energy
   and cause terrible harm.
   It insulates you from electricity.
 f - a +1 triple sword
 r - a +4 halberd of protection (weapon)
Armour
 t - a +0 pair of boots (worn)
 u - a +6 chain mail (worn)
Jewellery
 b - a +3 ring of evasion (left hand)
 q - a +3 ring of evasion (right hand)
Scrolls
 i - a scroll of blinking
 k - 4 scrolls of remove curse
 l - 5 scrolls of amnesia
 m - a scroll of summoning
 p - 2 scrolls of recharging
 v - 3 scrolls of fear
 w - 2 scrolls of identify
 x - a scroll of magic mapping
 y - a scroll of fog
Potions
 a - 2 potions of invisibility
 g - a potion of magic
 h - 7 potions of berserk rage
Comestibles
 c - 11 bread rations
 n - 42 fruits
 o - 8 meat rations
 z - 6 royal jellies


   Skills:
 + Level 20.5 Fighting
 + Level 19.0 Polearms
 + Level 18.8 Armour
 - Level 2.4 Dodging
 - Level 1.5 Stealth
 + Level 21.4 Invocations


You had 12 spell levels left.
You didn't know any spells.

Dungeon Overview and Level Annotations

Branches:
Dungeon (1/1)

Altars:
Ashenzari
Cheibriados
Dithmenos
Elyvilon
Fedhas
Gozag
Hepliaklqana
Kikubaaqudgha
Makhleb
Nemelex Xobeh
Okawaru
Qazlal
Ru
Sif Muna
Trog
Uskayaw
Vehumet
Wu Jian
Xom
Yredelemnul
Zin
The Shining One
Beogh
Jiyva
Lugonu


Message History

Aiming: Smiting
Press: ? - help, Dir - move target cursor, f - merfolk aquamancer Smite: a merfolk aquamancer, wielding a rapier and wearing a robe (almost dead)
You smite the merfolk aquamancer!
You kill the merfolk aquamancer!
Beogh accepts your kill.
You can now revive fallen orcs.
Your orc knight is engulfed in a cloud of scalding steam.
Unknown command.
Unknown command.
Aiming: Smiting
Press: ? - help, Dir - move target cursor, f - orc knight Smite: an orc knight, wielding a great sword and wearing a chain mail You smite the orc knight!
The orc knight is moderately wounded.
You can no longer revive fallen orcs.
The orc knight hits your orc knight with a great sword!
The eye of devastation gazes at you.
The bolt of energy hits your orc knight. x2
The bolt of energy hits you!
You die...

#############################+#
..............................#
.)............)...............#
############)[##############..#
)'...').#....)...# .+ #..#
)#...#o)#........# m.# #o§#
##...#######..#######...## #o.#
......).#)...[..o#o)c..... #..#
......)oo.....(.@ooo...... #..#
....)...#[.[....o#...G.... #..#
'###'##)####..####.##+###+ #..#
.))#))#.# #### #.# #..#
)))#<)#.+ +)# #..# #########
### #++# ########## ..##.....#
...##....#


You could see a yaktaur captain, an orc knight, an eye of devastation and 5
friendly orc knights.

Vanquished Creatures
  Arachne (D)
  2 orc warlords (D)
  2 war gargoyles (D)
  A deep elf annihilator (D)
  A yaktaur captain (D)
  A great orb of eyes (D)
  A rakshasa (D)
  2 vault guards (D)
  A hydra (D)
  Harold (D)
  A merfolk aquamancer (D)
  An alligator snapping turtle (D)
  Erica (D)
  2 deep elf knights (D)
  A fire crab (D)
  A flayed ghost (D)
  A deep elf archer (D)
  An orc knight (D)
  An ugly thing (D)
  A cyclops (D)
  A guardian serpent (D)
  A black mamba (D)
  A spiny frog (D)
  2 gargoyles (D)
  A komodo dragon (D)
  2 kobold demonologists (D)
  A freezing wraith (D)
  A jumping spider (D)
  An ice devil (D)
  2 hornets (D)
  An air elemental (D)
  A flying skull (D)
  A tarantella (D)
  4 spriggans (D)
  2 water elementals (D)
  2 shadows (D)
  3 ynoxinuls (D)
  A wyvern (D)
  2 yaks (D)
  A steam dragon (D)
  A basilisk (D)
  An acid dragon (D)
  2 floating eyes (D)
  A swamp drake (D)
  An eye of draining (D)
  A gnoll sergeant (D)
  A scorpion (D)
  2 small abominations (D)
  2 killer bees (D)
  An iguana (D)
  Jessica (D)
  Ijyb (D)
  A hell rat (D)
  4 gnolls (D)
  A river rat (D)
  An ufetubus (D)
  An orc (D)
  2 ball pythons (D)
  2 bat skeletons (D)
  A giant cockroach (D)
  4 jackals (D)
  A kobold (D)
  A bat (D)
  2 frilled lizards (D)
  A rat (D)
  A crawling corpse (D)
93 creatures vanquished.

Vanquished Creatures (collateral kills)
  A nagaraja (D)
  A deep elf death mage (D)
  A vault guard (D)
  A great orb of eyes (D)
  3 naga warriors (D)
  A fire crab (D)
  A deep troll (D)
  An orc knight (D)
  A lindwurm (D)
  A spriggan druid (D)
  3 deep elf magi (D)
  A rime drake (D)
  A komodo dragon (D)
  A red devil (D)
  An ice devil (D)
  A tyrant leech (D)
  A snapping turtle (D)
  2 air elementals (D)
  A tarantella (D)
  A wyvern (D)
  A spriggan (D)
  3 water elementals (D)
  Eustachio (D)
  4 yaks (D)
  A warg (D)
  2 floating eyes (D)
  A swamp drake (D)
  A sky beast (D)
  A crocodile (D)
  A big kobold (D)
  A bullfrog (D)
  A hound (D)
  An orc wizard (D)
  A worker ant (D)
  A gnoll (D)
  An adder simulacrum (D)
  An orc (D)
  A jackal (D)
  2 kobolds (D)
  A leopard gecko simulacrum (D)
  A crawling corpse (D)
53 creatures vanquished.

Vanquished Creatures (others)
  An orc high priest (D)
  3 orc knights (D)
  An orc (D)
5 creatures vanquished.

Grand Total: 151 creatures vanquished

Notes
Turn   | Place    | Note
-------+----------+-------------------------------------------
     0 | D        | potatolord6000 the Hill Orc Monk began the quest for the Orb.
     0 | D        | Reached XP level 1. HP: 19/19 MP: 1/1
    16 | D        | Reached XP level 2. HP: 23/28 MP: 2/2
    53 | D        | Found a bloodstained altar of Trog.
    53 | D        | Found a deep blue altar of Sif Muna.
    53 | D        | Found a viscous altar of Jiyva.
    53 | D        | Found a hazy altar of Hepliaklqana.
    53 | D        | Found an opulent altar of Gozag.
    54 | D        | Found a glowing golden altar of the Shining One.
    54 | D        | Found a glowing silver altar of Zin.
    54 | D        | Found a basalt altar of Yredelemnul.
    54 | D        | Found a shimmering altar of Xom.
    54 | D        | Found an ornate altar of the Wu Jian Council.
    54 | D        | Found a sacrificial altar of Ru.
    54 | D        | Found a stormy altar of Qazlal.
    54 | D        | Found an iron altar of Okawaru.
    54 | D        | Found a sparkling altar of Nemelex Xobeh.
    54 | D        | Found a burning altar of Makhleb.
    54 | D        | Found a blossoming altar of Fedhas.
    54 | D        | Found a white marble altar of Elyvilon.
    54 | D        | Found a shadowy altar of Dithmenos.
    54 | D        | Found a snail-covered altar of Cheibriados.
    57 | D        | Found a corrupted altar of Lugonu.
    57 | D        | Found a radiant altar of Vehumet.
    57 | D        | Found a roughly hewn altar of Beogh.
    58 | D        | Found an ancient bone altar of Kikubaaqudgha.
    58 | D        | Found a hide-covered altar of Uskayaw.
    58 | D        | Found a shattered altar of Ashenzari.
    66 | D        | Became a worshipper of Beogh the Brigand
    66 | D        | Reached * piety under Beogh
    66 | D        | Reached ** piety under Beogh
   100 | D        | Reached *** piety under Beogh
   100 | D        | Reached skill level 5 in Fighting
   100 | D        | Reached skill level 1 in Invocations
   103 | D        | Noticed a floating eye
   109 | D        | Reached skill level 2 in Invocations
   109 | D        | Reached XP level 3. HP: 36/36 MP: 2/4
   111 | D        | Killed a floating eye
   111 | D        | Reached **** piety under Beogh
   111 | D        | Reached skill level 5 in Armour
   111 | D        | Reached skill level 5 in Invocations
   111 | D        | Reached XP level 4. HP: 47/47 MP: 2/8
   111 | D        | Reached XP level 5. HP: 52/52 MP: 2/9
   210 | D        | Noticed Jessica
   211 | D        | Noticed a sky beast
   211 | D        | Noticed a floating eye
   214 | D        | Paralysed by a floating eye for 4 turns
   218 | D        | Killed a sky beast
   218 | D        | Reached skill level 7 in Invocations
   218 | D        | Reached XP level 6. HP: 57/61 MP: 6/11
   220 | D        | Killed a floating eye
   220 | D        | Reached ***** piety under Beogh
   221 | D        | Killed Jessica
   221 | D        | Reached skill level 8 in Invocations
   372 | D        | Noticed a wyvern
   379 | D        | Killed a wyvern
   379 | D        | Reached skill level 9 in Invocations
   379 | D        | Reached XP level 7. HP: 49/71 MP: 13/13
   496 | D        | Noticed a basilisk
   504 | D        | Killed a basilisk
   504 | D        | Reached skill level 10 in Fighting
   819 | D        | Noticed a black mamba
   820 | D        | Noticed Ijyb
   824 | D        | Killed a black mamba
   824 | D        | Reached skill level 10 in Polearms
   824 | D        | Reached skill level 10 in Invocations
   824 | D        | Reached XP level 8. HP: 59/81 MP: 14/16
   828 | D        | Killed Ijyb
  1064 | D        | Noticed a spriggan
  1070 | D        | Killed a spriggan
  1070 | D        | Reached ****** piety under Beogh
  1072 | D        | Reached skill level 11 in Invocations
  1103 | D        | Noticed a deep troll
  1109 | D        | Killed a deep troll
  1109 | D        | Reached skill level 10 in Armour
  1114 | D        | Reached skill level 12 in Invocations
  1230 | D        | Noticed a spriggan
  1239 | D        | Reached XP level 9. HP: 67/90 MP: 18/18
  1353 | D        | Noticed Eustachio
  1372 | D        | Killed Eustachio
  1421 | D        | Noticed Erica
  1423 | D        | Noticed a komodo dragon
  1425 | D        | Killed Erica
  1425 | D        | Reached skill level 13 in Invocations
  1428 | D        | Killed a komodo dragon
  1430 | D        | Gained Ortolf as an ally
  1593 | D        | Noticed a cyclops
  1595 | D        | Killed a cyclops
  1595 | D        | Reached skill level 14 in Invocations
  1595 | D        | Reached XP level 10. HP: 102/102 MP: 16/20
  1602 | D        | Paralysed by a floating eye for 3 turns
  1666 | D        | Noticed Harold
  1683 | D        | Killed Harold
  1683 | D        | Reached skill level 15 in Invocations
  1692 | D        | Reached skill level 15 in Fighting
  1717 | D        | Reached XP level 11. HP: 58/112 MP: 18/22
  1723 | D        | Noticed a lindwurm
  1725 | D        | Killed a lindwurm
  1725 | D        | Reached skill level 16 in Invocations
  2113 | D        | Noticed a great orb of eyes
  2123 | D        | Killed a great orb of eyes
  2269 | D        | Noticed a flayed ghost
  2278 | D        | Killed a flayed ghost
  2278 | D        | Reached skill level 15 in Polearms
  2344 | D        | Noticed an alligator snapping turtle
  2344 | D        | Noticed a four-headed hydra
  2344 | D        | Noticed a deep elf death mage
  2344 | D        | Noticed a war gargoyle
  2344 | D        | Noticed Arachne
  2346 | D        | Killed a four-headed hydra
  2346 | D        | Reached skill level 15 in Armour
  2346 | D        | Reached skill level 17 in Invocations
  2347 | D        | Paralysed by a floating eye for 4 turns
  2369 | D        | Killed Arachne
  2370 | D        | Killed a war gargoyle
  2370 | D        | Reached skill level 18 in Invocations
  2370 | D        | Reached XP level 12. HP: 43/125 MP: 20/25
  2393 | D        | Killed an alligator snapping turtle
  2400 | D        | Noticed a small abomination
  2400 | D        | Killed a deep elf death mage
  2403 | D        | Killed a small abomination
  2476 | D        | Noticed a war gargoyle
  2482 | D        | Noticed a great orb of eyes
  2485 | D        | Noticed a deep elf annihilator
  2488 | D        | Killed a war gargoyle
  2490 | D        | Killed a deep elf annihilator
  2490 | D        | Reached skill level 19 in Invocations
  2513 | D        | Killed a great orb of eyes
  2514 | D        | Noticed a rakshasa
  2531 | D        | Killed a rakshasa
  2535 | D        | Noticed a spriggan rider
  2535 | D        | HP: 1/128 [spriggan rider/spear (18)]
  2544 | D        | Killed a spriggan rider
  2957 | D        | Noticed an orc warlord
  2957 | D        | Noticed an orc warlord
  2960 | D        | Killed an orc warlord
  2960 | D        | Reached XP level 13. HP: 107/137 MP: 16/26
  2964 | D        | Killed an orc warlord
  2964 | D        | Reached skill level 20 in Invocations
  2968 | D        | Your ally Ortolf died
  2983 | D        | Noticed a nagaraja
  2997 | D        | Killed a nagaraja
  3295 | D        | Noticed a vault guard
  3296 | D        | Killed a vault guard
  3311 | D        | Reached skill level 21 in Invocations
  3316 | D        | Noticed a vault guard
  3318 | D        | Killed a vault guard
  3369 | D        | Found the +10 morningstar "Eos" {elec, Halo rElec}
  3406 | D        | Noticed a yaktaur captain
  3409 | D        | Killed a yaktaur captain
  3420 | D        | HP: 6/140 [drowned by a water elemental (5)]
  3423 | D        | Noticed a vault guard
  3423 | D        | Noticed a yaktaur captain
  3430 | D        | Killed a vault guard
  3432 | D        | Blown up by an eye of devastation

Vault maps used:
D:        pitsprint

Skill      XL: |  1  2  3  4  5  6  7  8  9 10 11 12 13 |
---------------+----------------------------------------+-----
Fighting       | 4 5 7 8 9 10 12 13 15 17 19 20 | 20.5
Polearms       | 4 6 7 8 10 11 12 14 16 17 19 | 19.0
Armour         | 2 3 5 6 8 9 10 12 13 15 17 18 | 18.8
Invocations    | 2 5 7 9 10 12 14 15 18 19 21 | 21.4
Dodging        | |  2.4
Stealth        | |  1.5

Action                   |  1- 3 |  4- 6 |  7- 9 | 10-12 | 13-15 || total
-------------------------+-------+-------+-------+-------+-------++-------
Melee: Spear             |     4 |       |       |       |       ||     4
       Trident           |    14 |    16 |    28 |       |       ||    58
       Halberd           |       |       |    71 |   168 |    50 ||   289
Invok: Smiting           |       |     1 |     6 |    33 |    27 ||    67
       Recall Orcish Fol |       |       |       |     1 |       ||     1
       Give Item to Name |       |       |       |     1 |       ||     1
       Resurrection      |       |       |       |       |     1 ||     1
  Use: Potion            |       |       |     1 |    31 |     3 ||    35
       Scroll            |       |       |       |     5 |       ||     5
 Stab: Sleeping          |     3 |       |       |       |       ||     3
       Distracted        |       |       |       |     3 |       ||     3
  Eat: Meat ration       |       |     1 |       |     1 |     1 ||     3
Armor: Robe              |     1 |       |       |       |       ||     1
       Plate armour      |       |     5 |    20 |       |       ||    25
       Chain mail        |       |       |    27 |    69 |    17 ||   113
Dodge: Dodged            |     4 |     4 |    62 |   130 |    25 ||   225

Table legend:
 A = Spawn XP
 B = Non-spawn XP
 C = Spawn XP percentage of total XP
 D = Spawn monster count
 E = Non-spawn monster count
 F = Spawn count percentage of total count
 G = Total turns spent on level
                    A         B        C        D         E        F      G
               +---------+---------+-------+---------+---------+-------+---------
         Total |       0 |   48007 |   0.0 |       0 |     144 |   0.0 |  3432
               +---------+---------+-------+---------+---------+-------+---------
             D |       0 |   48007 |   0.0 |       0 |     144 |   0.0 |  3432
               +---------+---------+-------+---------+---------+-------+---------
